 Dungeon Crawl Stone Soup version 0.24-a0-434-gd57e52fea8 (webtiles) character file.

Game seed: 6459683561720684070

8 Amnesiac the Magician (level 2, -2/19 HPs)
             Began as a Mummy Earth Elementalist on June 16, 2019.
             Killed from afar by Natasha (21 damage)
             ... with a puff of flame
             ... on level 2 of the Dungeon.
             The game lasted 00:02:28 (769 turns).

Amnesiac the Magician (Mummy Earth Elementalist)     Turns: 769, Time: 00:02:29

Health: -2/19      AC:  2    Str: 11    XL:     2   Next: 0%
Magic:  5/5        EV: 12    Int: 14    God:
Gold:   10         SH:  0    Dex: 12    Spells: 5/6 levels left

rFire    x . .     SeeInvis .   f - -1 dagger (curse)
rCold    + . .     Gourm    .   (no shield)
rNeg     + + +     Faith    .   c - +0 robe
rPois    ∞         Spirit   .   (no helmet)
rElec    .         Reflect  .   (no cloak)
rCorr    .         Harm     .   (no gloves)
MR       .....                  (no boots)
Stlth    ++........             (no amulet)
HPRegen  0.06/turn              (no ring)
MPRegen  0.09/turn              (no ring)

@: no status effects
A: no food or potions, fire vulnerability, cold resistance 1, negative energy
resistance 3, torment resistance, unbreathing
a: no special abilities


You were on level 2 of the Dungeon.
You were not hungry.

You visited 1 branch of the dungeon, and saw 3 of its levels.

You collected 10 gold pieces.

Inventory:

Hand Weapons
 f - a cursed -1 dagger (weapon)
Missiles
 b - 29 stones
 d - 15 poisoned darts (quivered)
Armour
 c - a +0 robe (worn)
Scrolls
 a - a scroll of amnesia {!r}
 e - a scroll of teleportation {!r}


   Skills:
 - Level 1.5 Dodging
 - Level 1.5 Stealth
 + Level 2.9 Spellcasting
   Level 0.7 Transmutations
 * Level 2.8 Earth Magic


You had 5 spell levels left.
You knew the following spells:

 Your Spells              Type           Power        Failure   Level  Hunger
a - Sandblast             Erth           ##....       7%          1    N/A

Your spell library contained the following spells:

 Spells                   Type           Power        Failure   Level  Hunger
 Passwall                 Tmut/Erth      #.......     16%         2    N/A
 Stone Arrow              Conj/Erth      #.....       36%         3    N/A
 Petrify                  Tmut/Erth      #.......     71%         4    N/A
 Lee's Rapid Deconstruct  Erth           ##........   88%         5    N/A

Dungeon Overview and Level Annotations

Branches:
Dungeon (3/15)

Altars:

Annotations:
D:1 exclusion: downstairs
D:2 Natasha


Innate Abilities, Weirdness & Mutations

You do not eat or drink.
Your flesh is vulnerable to fire.
You are immune to poison.
Your flesh is cold resistant. (rC+)
You are immune to negative energy. (rN+++)
You are immune to unholy pain and torment.
You can survive without breathing.


Message History

Throwing (i - inventory. (/) - cycle)
d - 12 poisoned darts (quivered)
Press: ? - help, Shift-Dir - straight line, f/p - hobgoblin
Aim: a hobgoblin, wielding a -1 club (poisoned)
You throw a poisoned dart.
The poisoned dart closely misses the hobgoblin.
Throwing (i - inventory. (/) - cycle)
d - 11 poisoned darts (quivered)
Press: ? - help, Shift-Dir - straight line, f/p - hobgoblin
Aim: a hobgoblin, wielding a -1 club (poisoned)
You throw a poisoned dart.
The poisoned dart closely misses the hobgoblin.
Throwing (i - inventory. (/) - cycle)
d - 10 poisoned darts (quivered)
Press: ? - help, Shift-Dir - straight line, f/p - hobgoblin
Aim: a hobgoblin, wielding a -1 club (poisoned)
You throw a poisoned dart.
The poisoned dart barely misses the hobgoblin.
The hobgoblin barely misses you.
The hobgoblin looks more healthy.
Throwing (i - inventory. (/) - cycle)
d - 9 poisoned darts (quivered)
Press: ? - help, Shift-Dir - straight line, f/p - hobgoblin
Aim: a hobgoblin, wielding a -1 club (heavily wounded)
You throw a poisoned dart.
The poisoned dart closely misses the hobgoblin.
The hobgoblin misses you.
Throwing (i - inventory. (/) - cycle)
d - 8 poisoned darts (quivered)
Press: ? - help, Shift-Dir - straight line, f/p - hobgoblin
Aim: a hobgoblin, wielding a -1 club (heavily wounded)
You throw a poisoned dart.
The poisoned dart barely misses the hobgoblin.
The hobgoblin hits you but does no damage.
Throwing (i - inventory. (/) - cycle)
d - 7 poisoned darts (quivered)
Press: ? - help, Shift-Dir - straight line, f/p - hobgoblin
Aim: a hobgoblin, wielding a -1 club (heavily wounded)
You throw a poisoned dart. The poisoned dart hits the hobgoblin.
The hobgoblin is poisoned.
The hobgoblin is heavily wounded.
The hobgoblin misses you.
You barely miss the hobgoblin.
The hobgoblin is almost dead.
The hobgoblin barely misses you.
You closely miss the hobgoblin.
The hobgoblin is almost dead.
You kill the hobgoblin!
You have reached level 2!
You see here a cursed -1 club.
d - 7 poisoned darts (gained 1)
d - 9 poisoned darts (gained 2)
d - 10 poisoned darts (gained 1)
d - 15 poisoned darts (gained 5)
You start resting.
HP restored.
Natasha is too close now for your liking.
Throwing (i - inventory. (/) - cycle)
d - 15 poisoned darts (quivered)
Press: ? - help, Shift-Dir - straight line You can't see that place. [a rock wall.]
Okay, then.
Found 4 boomerangs.
A rat comes into view.
Natasha claws something but does no damage.
The rat closely misses you.
Natasha hisses.
Natasha zaps a wand.
The puff of flame hits you!! The fire burns you terribly!
Ouch! That really hurt!
You die...

########
#......#########
#....#.........#
#.###...#.##.#@######
#.#......<##(...r...#
#.#.#..#..####.####.#
#....#......##.# ##
#...^..(♣♣.....## ..#
#.).....P.......# #.#
#.#.##.PP♣♣..h..##
#.#
#.#.##.P.♣P......#
#.#
#...##.PPP♣♣♣P.P.#
#.###♣#♣##


You could see Natasha and a rat.

Vanquished Creatures
  2 hobgoblins (D:2)
  A jackal (D:2)
  A kobold (D:2)
  A bat (D:1)
  A frilled lizard (D:2)
  2 rats
8 creatures vanquished.

Notes
Turn   | Place    | Note
-------+----------+-------------------------------------------
     0 | D:1      | Amnesiac the Mummy Earth Elementalist began the quest for
                  | the Orb.
     0 | D:1      | Reached XP level 1. HP: 13/13 MP: 4/4
   357 | D:2      | Noticed Natasha
   538 | D:3      | Noticed a worker ant
   596 | D:2      | Reached XP level 2. HP: 8/19 MP: 5/5
   769 | D:2      | Killed from afar by Natasha

Levels and vault maps discovered:
D:1:      nicolae_arrival_somewhat_less_tricky_arrival, layout_loops_ring,
          minmay_misc_feat_chi
D:2:      layout_loops_cross, serial_forest, infiniplex_forest_clump_curved,
          infiniplex_forest_lined_room_3, infiniplex_forest_lined_ring,
          infiniplex_forest_lined_ring, infiniplex_forest_clump_tiny,
          infiniplex_forest_end_double, minmay_between, uniq_natasha
D:3:      minmay_chambers_of_twos, layout_loops_ring, led_sif_book,
          grunt_temple_overflow_cloverleaf, biasface_ghost_orc_armoury,
          uniq_crazy_yiuf_cottage

Action                   || total
-------------------------++-------
Melee: Dagger            ||    22
       Unarmed           ||    20
Throw: Dart              ||    23
       Stone             ||     2
 Cast: Sandblast         ||     1
  Use: Scroll            ||     3
 Stab: Sleeping          ||     1
Armor: Robe              ||     5
Dodge: Dodged            ||    37

Table legend:
 A = Non-vault XP
 B = Vault XP
 C = Vault XP percentage of total XP
 D = Non-vault monster count
 E = Vault monster count
 F = Vault count percentage of total count
                 A         B        C        D         E       F
            +---------+---------+-------+---------+---------+-------
      Total |      12 |       0 |   0.0 |       8 |       0 |   0.0
            +---------+---------+-------+---------+---------+-------
        D:1 |       2 |       0 |   0.0 |       2 |       0 |   0.0
        D:2 |      10 |       0 |   0.0 |       6 |       0 |   0.0
            +---------+---------+-------+---------+---------+-------
